 Dungeon Crawl Stone Soup version 0.31.0 (webtiles) character file.

Game seed: 4802381773989988585

193706 Monkooky the Tortoise (level 17, 0/148 HPs)
             Began as an Armataur Monk on Jan 19, 2024.
             Was a High Priest of Uskayaw.
             Slain by a salamander
             ... wielding a +0 halberd
              (13 damage)
             ... on level 4 of the Snake Pit.
             The game lasted 01:27:58 (28384 turns).

Monkooky the Tortoise (Armataur Monk)              Turns: 28384, Time: 01:27:59

Health: 0/148      AC: 40    Str: 29    XL:     17   Next: 65%
Magic:  0/26       EV:  4    Int:  9    God:    Uskayaw [*****.]
Gold:   2996       SH: 10    Dex: 20    Spells: 16/16 levels left

rFire   . . .        v - +9 eveningstar (heavy)
rCold   + . .        I - +2 buckler {rC+}
rNeg    + + +        N - +7 chain mail of Zaygymax {rPois}
rPois   +            L - +1 helmet of Anaesthesia {rPois}
rElec   +            m - +2 cloak
rCorr   .            k - +1 pair of gloves
SInv    +            W - +4 barding
Will    +....        a - amulet of guardian spirit Stlth
                     G - ring "Wecsua" {rElec Dex+6}
HPRegen 2.39/turn    g - ring "Toub Neq" {rN+++ Str+6 Int-2 SInv Stlth-}
MPRegen 1.19/turn

%: guardian spirit, roll
@: mighty, lethally poisoned (0 -> -1), slowed, constricted, very slow
A: large, deformed body, tough skin 3, armoured tail, roll 2
}: 1/15 runes: barnacled
a: Renounce Religion, Stomp, Line Pass, Grand Finale


You were on level 4 of the Snake Pit.
You worshipped Uskayaw.
Uskayaw was pleased with you.
You visited 5 branches of the dungeon, and saw 29 of its levels.
You also visited: Bailey, Ice Cave and Volcano.

You collected 4691 gold pieces.
You spent 1695 gold pieces at shops.

Inventory:

Hand Weapons
 v - a +9 heavy eveningstar (weapon)
 U - the +11 broad axe "Caerit" {elec, Fly rF+ Stlth+}
   (You found it in an ice cave)

   rF+:       It protects you from fire.
   Fly:       It grants you flight.
   Stlth+:    It makes you more stealthy.
Missiles
 V - 2 throwing nets
 Z - 5 curare-tipped darts
Armour
 k - a +1 pair of gloves (worn)
 m - a +2 cloak (worn)
 I - a +2 buckler of cold resistance (worn)
 L - the +1 helmet of Anaesthesia (worn) {rPois}
   (You acquired it in a bailey)

   rPois:     It protects you from poison
 N - the +7 chain mail of Zaygymax (worn) {rPois}
   (You found it on level 4 of the Snake Pit)

   rPois:     It protects you from poison
 W - a +4 barding (worn)
 Y - a +0 tower shield of cold resistance
Jewellery
 a - an amulet of guardian spirit (around neck)
 b - the ring of Baamn {rCorr MP+9 Int+6 SInv Stlth-}
   (You found it in an ice cave)

   [ring of intelligence]

   Int+6:     It affects your intelligence (+6).
   MP+9:      It affects your magic capacity (+9).
   SInv:      It lets you see invisible.
   rCorr:     It protects you from acid and corrosion.
   Stlth-:    It makes you less stealthy.
 d - the ring of the Stag {+Blink Int+4 Dex+6}
   (You bought it in a shop on level 2 of the Orcish Mines)

   [ring of dexterity]

   Int+4:     It affects your intelligence (+4).
   Dex+6:     It affects your dexterity (+6).
   +Blink:    It lets you blink.
 g - the ring "Toub Neq" (right hand) {rN+++ Str+6 Int-2 SInv Stlth-}
   (You acquired it on level 3 of the Dungeon)

   [ring of strength]

   Str+6:     It affects your strength (+6).
   Int-2:     It affects your intelligence (-2).
   rN+++:     It renders you almost immune to negative energy.
   SInv:      It lets you see invisible.
   Stlth-:    It makes you less stealthy.
 h - a ring of protection from cold
 y - a +5 ring of evasion
 G - the ring "Wecsua" (left hand) {rElec Dex+6}
   (You bought it in a shop on level 2 of the Orcish Mines)

   [ring of dexterity]

   Dex+6:     It affects your dexterity (+6).
   rElec:     It insulates you from electricity.
 K - a ring of fire
Wands
 p - a wand of polymorph (34)
 x - a wand of mindburst (9)
 B - a wand of roots (17)
 H - a wand of paralysis (33)
 O - a wand of flame (20)
 X - a wand of quicksilver (2)
Scrolls
 f - a scroll of torment
 i - 13 scrolls of teleportation
 j - 3 scrolls of brand weapon
 n - 4 scrolls of poison
 q - a scroll of vulnerability
 w - 2 scrolls of revelation
 A - 4 scrolls of fog
 C - 4 scrolls of silence
 D - a scroll of summoning
 E - a scroll of immolation
 Q - 3 scrolls of blinking
 S - a scroll of amnesia
 T - 4 scrolls of fear
Potions
 c - a potion of ambrosia
 e - 5 potions of lignification
 l - a potion of attraction
 o - a potion of enlightenment
 r - a potion of mutation
 s - 3 potions of cancellation
 t - 7 potions of heal wounds
 z - a potion of magic
 F - 4 potions of curing
 J - 4 potions of haste
 M - 3 potions of brilliance
 P - 3 potions of resistance
 R - 2 potions of might
Miscellaneous
 u - a tin of tremorstones (2/2)


   Skills:
 + Level 12.4 Fighting
 - Level 16.0 Maces & Flails
 + Level 16.5 Armour
 + Level 3.0 Dodging
 - Level 7.0 Stealth
 * Level 13.1 Shields
 * Level 12.1 Invocations
 + Level 10.8 Evocations


You had 16 spell levels left.
You didn't know any spells.
Your spell library contained the following spells:

 Spells                   Type           Power      Damage    Failure   Level
 Magic Dart               Conj           0%         1d3       77%         1
 Sandblast                Erth           0%         2d4       77%         1
 Blink                    Tloc           0%         N/A       88%         2
 Lesser Beckoning         Tloc           0%         N/A       88%         2
 Mercury Vapours          Alch/Air       0%         N/A       88%         2
 Momentum Strike          Conj/Tloc      0%         3d8       88%         2
 Searing Ray              Conj           0%         2d4       88%         2
 Sublimation of Blood     Necr           0%         N/A       88%         2
 Gell's Gravitas          Tloc           0%         N/A       98%         3
 Hailstorm                Conj/Ice       0%         3d5       98%         3
 Inner Flame              Hex/Fire       0%         N/A       98%         3
 Mephitic Cloud           Conj/Alch/Air  0%         N/A       98%         3
 Passwall                 Erth           0%         N/A       98%         3
 Stone Arrow              Conj/Erth      0%         3d7       98%         3
 Summon Ice Beast         Ice/Summ       0%         N/A       98%         3
 Teleport Other           Tloc           0%         N/A       98%         3
 Animate Armour           Summ/Erth      0%         N/A       100%        4
 Animate Dead             Necr           0%         N/A       100%        4
 Brom's Barrelling Bould  Conj/Erth      0%         2d3       100%        4
 Fulminant Prism          Conj/Alch      0%         3d5       100%        4
 Ignite Poison            Fire/Alch      0%         N/A       100%        4
 Petrify                  Alch/Erth      0%         N/A       100%        4
 Sticky Flame             Fire/Alch      0%         2d4       100%        4
 Summon Lightning Spire   Summ/Air       0%         N/A       100%        4
 Vhi's Electric Charge    Tloc/Air       0%         N/A       100%        4
 Arcjolt                  Conj/Air       0%         1d10      100%        5
 Borgnjor's Vile Clutch   Necr/Erth      0%         N/A       100%        5
 Freezing Cloud           Conj/Ice/Air   0%         6-21      100%        5
 Irradiate                Conj/Alch      0%         3d11      100%        5
 Lee's Rapid Deconstruct  Erth           0%         3d4*      100%        5
 Summon Mana Viper        Hex/Summ       0%         N/A       100%        5
 Death Channel            Necr           0%         N/A       100%        6
 Plasma Beam              Fire/Air       0%         2x1d10    100%        6
 Sculpt Simulacrum        Ice/Alch       0%         N/A       100%        6
 Monstrous Menagerie      Summ           0%         N/A       100%        7
 Ignition                 Fire           0%         3d3       100%        8


Dungeon Overview and Level Annotations

Branches:
Dungeon (14/15)            Temple (0/1) D:7            Lair (5/5) D:10
 Shoals (4/4) Lair:3        Snake (4/4) Lair:3        Slime (0/5) Lair:5
    Orc (2/2) D:10            Elf (0/3) Orc:2        Vaults (0/5) D:13
 Bailey (visited)           IceCv (visited)         Volcano (visited)

Altars:
Ashenzari
Cheibriados
Dithmenos
Elyvilon
Hepliaklqana
Kikubaaqudgha
Makhleb
Nemelex Xobeh
Okawaru
Trog
Uskayaw
Yredelemnul
Zin
The Shining One

Shops:
D:7 *   D:8 [   D:11 *   Orc:2 [=*(

Portals:
Hell: Lair:5

Annotations:
D:4 1 runed translucent door, Crazy Yiuf
D:12 3 runed translucent doors
D:14 3 runed translucent doors, Cicylist's ghost, journeyman FoFi
Snake:1 exclusion: downstairs


Innate Abilities, Weirdness & Mutations

Armour fits poorly on your strangely shaped body.
You have extremely tough skin. (AC +3)
You have a long armoured tail.
You regenerate magic and health when rolling toward enemies. (Rampage Regen)


Message History

You feel yourself slow down.
The salamander hits you but does no damage.
The salamander mystic hits you but does no damage.
The guardian serpent hits you but does no damage.
The naga warrior hits you but does no damage.
The naga warrior grabs you. The naga warrior constricts you.
Your Dodging skill increases to level 3!
Unknown command.
Unknown command.
You stomp with the beat, sending a shockwave through the revellers around you!
The anaconda is heavily wounded.
You kill the guardian serpent!
The salamander mystic is almost dead.
You kill the naga warrior!
The anaconda grabs you. You block the anaconda's attack.
The anaconda constricts you.
The anaconda bites you but does no damage.
The anaconda constricts you.
The salamander hits you from afar with a +0 halberd!
* * * LOW HITPOINT WARNING * * *
You are engulfed in flames!
* * * LOW HITPOINT WARNING * * *
The naga mage mumbles some strange words.
The naga mage seems to speed up.
A naga sharpshooter comes into view. It is wielding a +0 scimitar.
The naga warrior roars a battlecry!
The salamander mystic hits you but does no damage.
The naga warrior hits you but does no damage.
You are poisoned.
You block the salamander's attack.
The anaconda bites you but does no damage.
The anaconda constricts you.
* * * LOW HITPOINT WARNING * * *
The naga sharpshooter casts a spell.
The naga sharpshooter magically shoots an arrow.
The arrow completely misses you.
The salamander hits you from afar with a +0 halberd.
* * * LOW HITPOINT WARNING * * *
You are engulfed in flames!
You die...

#.......#....#)......
...##.....##....#.))...#
....#.....#....)#.......
)...#####.#..#).#......#
8....#.##.#..#..#.....).
........#.#..#..#)......
N.NNNNN.#.#..#..........
..N.NNNS###..#..........
#†@.##..#.......#..
#N).#...#...###.###
#...†...##..# #.###
##.....###### #.##.
##....# ##' ##..## #.<
#### #.. # #.. #.##.


You could see a nagaraja (strong, curare), 2 naga warriors, 2 naga
sharpshooters, a salamander mystic (strong, pain bonded), 2 salamanders, an
anaconda (pain bonded), a naga ritualist (strong, pain bonded) and 2 naga magi.

Vanquished Creatures
  Vashnia (Snake:3)
  Mlioglotl (Shoals:4)
  Polyphemus (Shoals:2)
  2 nagarajas
  3 frost giants (Shoals:2)
  An orc warlord (Orc:2)
  An angel (Shoals:4)
  A stone giant (Orc:2)
  Nessos (Lair:5)
  The ghost of Bigaod the Fighter, a journeyman DsGl of Ru (Orc:1)
  2 ettins (Orc:2)
  9 merfolk impalers
  A fire dragon (D:14)
  7 merfolk javelineers
  Erolcha (D:10)
  3 merfolk avatars
  4 hydras
  5 catoblepae
  An ogre mage (D:13)
  A hell beast (Lair:5)
  4 alligator snapping turtles
  2 salamander tyrants (Snake:4)
  2 centaur warriors
  7 anacondas
  6 merfolk aquamancers
  5 two-headed ogres
  12 death yaks
  A tengu warrior (D:13)
  Erica (Lair:1)
  4 boulder beetles
  7 naga warriors
  Urug (D:12)
  4 naga sharpshooters
  3 orc high priests
  A hell knight (Volcano)
  3 shock serpents
  A sun demon (Volcano)
  7 skysharks
  A fire crab (Lair:4)
  2 salamander mystics
  An arcanist (Lair:5)
  3 naga ritualists
  2 cherubim (Shoals:4)
  2 bog bodies (IceCv)
  A kraken simulacrum (Shoals:2)
  6 mana vipers
  9 sea snakes
  Lodul (D:11)
  A deep elf pyromancer (D:12)
  A harpy (shapeshifter) (D:13)
  12 harpies
  Maurice (D:9)
  An orc sorcerer (Bailey)
  3 ugly things
  10 cyclopes
  7 fauns
  12 manticores
  6 salamanders
  5 guardian serpents
  A moth of wrath (Orc:1)
  5 merfolk sirens
  3 elephants (Lair:5)
  9 naga magi
  23 black mambas
  12 slime creatures
  An ice statue (IceCv)
  5 water nymphs
  5 orange demons (Lair:5)
  A molten gargoyle (Volcano)
  13 cane toads
  4 unseen horrors
  A gargoyle (D:14)
  3 rime drakes
  6 komodo dragons
  An efreet (D:13)
  Psyche (D:9)
  An ice devil (Lair:5)
  A tengu conjurer (D:13)
  2 polar bears
  32 merfolk
  A troll (D:14)
  6 blink frogs (Lair:5)
  A hellwing (Lair:5)
  3 wind drakes
  2 dream sheep (Shoals:4)
  6 snapping turtles
  2 shadows
  2 centaur simulacra
  2 vampires
  A spriggan (Lair:3)
  8 water elementals
  4 wyverns
  A dire elephant simulacrum (IceCv)
  A wraith (D:11)
  51 yaks
  4 fire bats (Volcano)
  3 alligator snapping turtle simulacra (Shoals:2)
  4 basilisks
  2 sea snake simulacra (Shoals:2)
  5 steam dragons
  12 wargs
  2 vampire mosquitoes (D:11)
  3 death yak simulacra
  3 harpy simulacra
  Edmund (D:6)
  21 nagas
  21 water moccasins
  An acid dragon (D:12)
  A hydra simulacrum (IceCv)
  7 hell hounds
  31 orc warriors
  An ice beast (D:8)
  3 satyr simulacra (Shoals:2)
  9 black bears
  11 ogres
  27 wolves
  15 centaurs
  A phantom (D:4)
  4 kobold brigands
  2 merfolk simulacra (Shoals:2)
  15 bullfrogs
  4 cane toad simulacra (IceCv)
  A gnoll sergeant (D:12)
  4 scorpions
  2 faun simulacra (Shoals:2)
  4 two-headed ogre simulacra (IceCv)
  9 wights
  An elephant simulacrum (IceCv)
  19 killer bees
  3 manticore simulacra (Shoals:2)
  3 snapping turtle simulacra (Shoals:2)
  5 electric eels
  3 lava snakes (Volcano)
  3 bombardier beetles
  A gnoll bouda (D:5)
  2 hounds
  16 jellies
  12 orc priests
  Terence (D:3)
  3 sleepcaps
  3 iguanas
  16 orc wizards
  4 polar bear simulacra (IceCv)
  7 hell rats (Lair:3)
  9 spriggan simulacra (IceCv)
  4 troll simulacra (IceCv)
  A wolf simulacrum (IceCv)
  Robin (D:4)
  10 gnolls
  10 adders
  7 naga simulacra (IceCv)
  A shadow imp (D:6)
  5 white imps
  8 ufetubi (IceCv)
  4 dart slugs
  8 ribbon worms
  72 orcs
  2 ball pythons
  5 bats
  13 endoplasms
  3 giant cockroaches
  22 goblins
  13 hobgoblins
  4 jackals
  3 quokkas
  4 frilled lizards
  20 kobolds
  14 rats
1004 creatures vanquished.

Vanquished Creatures (collateral kills)
  2 naga sharpshooters (Snake:3)
  A naga ritualist (Snake:3)
  2 nagas (Snake:3)
  A hydra simulacrum (IceCv)
6 creatures vanquished.

Vanquished Creatures (others)
  A faun (Shoals:3)
  A naga (Snake:2)
  A bullfrog (Lair:2)
  An orc wizard (Orc:2)
  An orc (D:13)
  A tentacle (Shoals:2)
6 creatures vanquished.

Grand Total: 1016 creatures vanquished

Notes
Turn   | Place    | Note
-------+----------+-------------------------------------------
     0 | D:1      | Monkooky the Armataur Monk began the quest for the Orb.
     0 | D:1      | Reached XP level 1. HP: 18/18 MP: 1/1
   179 | D:1      | Reached XP level 2. HP: 20/25 MP: 2/2
   817 | D:2      | Reached XP level 3. HP: 14/27 MP: 3/3
  1769 | D:3      | Reached XP level 4. HP: 33/38 MP: 4/4
  2000 | D:3      | Noticed Terence
  2011 | D:3      | Killed Terence
  2485 | D:3      | Reached XP level 5. HP: 45/45 MP: 5/5
  2535 | D:3      | Identified 3 scrolls of acquirement
  2535 | D:3      | Acquired 876 gold pieces
  2536 | D:3      | Acquired a +2 eveningstar of protection
  2543 | D:3      | Acquired the ring "Toub Neq" {rN+++ Str+6 Int-2 SInv
                  | Stlth-}
  2585 | D:4      | Reached skill level 5 in Maces & Flails
  2660 | D:4      | Reached XP level 6. HP: 39/51 MP: 6/6
  3090 | D:4      | Gained mutation: You regenerate magic and health when
                  | rolling toward enemies. (Rampage Regen) [Armataur growth]
  3090 | D:4      | Reached XP level 7. HP: 57/57 MP: 7/7
  3153 | D:4      | Found a runed translucent door.
  3154 | D:4      | Noticed Crazy Yiuf
  3231 | D:4      | Noticed Robin
  3250 | D:4      | Killed Robin
  3673 | D:5      | Entered Level 5 of the Dungeon
  3772 | D:5      | Found a hide-covered altar of Uskayaw.
  4274 | D:5      | Found a burning altar of Makhleb.
  4599 | D:6      | Reached XP level 8. HP: 53/63 MP: 8/8
  4641 | D:6      | Found a basalt altar of Yredelemnul.
  4995 | D:6      | Reached skill level 10 in Maces & Flails
  5126 | D:6      | Noticed Edmund
  5141 | D:6      | Killed Edmund
  5327 | D:6      | Found a white marble altar of Elyvilon.
  5347 | D:6      | Found an iron altar of Okawaru.
  5501 | D:5      | Became a worshipper of Uskayaw the Reveller
  5501 | D:5      | Reached * piety under Uskayaw
  5653 | D:6      | Found a broken altar of Ashenzari.
  5701 | D:6      | Reached ** piety under Uskayaw
  5918 | D:6      | Found a bloodstained altar of Trog.
  5962 | D:7      | Found Guquaz's Assorted Antiques.
  5971 | D:7      | Bought a brass ring for 115 gold pieces
  5971 | D:7      | Bought a smoky amethyst potion for 20 gold pieces
  5989 | D:7      | Reached XP level 9. HP: 67/69 MP: 9/9
  6058 | D:7      | Found a staircase to the Ecumenical Temple.
  6396 | D:7      | Found a snail-covered altar of Cheibriados.
  6486 | D:8      | Reached *** piety under Uskayaw
  6501 | D:8      | Reached **** piety under Uskayaw
  6504 | D:8      | Reached ***** piety under Uskayaw
  6562 | D:8      | Found a shadowy altar of Dithmenos.
  6629 | D:8      | Found Xiragh's Armour Emporium.
  7124 | D:9      | Noticed Psyche
  7127 | D:9      | Killed Psyche
  7207 | D:9      | Found a flagged portal.
  7216 | Bailey   | Entered a bailey
  7392 | Bailey   | Reached XP level 10. HP: 70/77 MP: 8/10
  7475 | Bailey   | Acquired the +1 helmet of Anaesthesia {rPois}
  7938 | Bailey   | Found an iron altar of Okawaru.
  7938 | Bailey   | Noticed an orc sorcerer
  7938 | Bailey   | Noticed an orc high priest
  7938 | Bailey   | Paralysed by an orc sorcerer for 3 turns
  7939 | Bailey   | Noticed an orange demon
  8056 | Bailey   | Reached skill level 1 in Armour
  8059 | Bailey   | Killed an orc sorcerer
  8075 | Bailey   | Killed an orc high priest
  8170 | Bailey   | Identified the +5 scale mail "Socunysch" {rN+ Dex+3}
  8482 | D:9      | Found a glowing silver altar of Zin.
  8560 | D:9      | Reached skill level 5 in Armour
  8789 | D:9      | Noticed Maurice
  8802 | D:9      | Maurice stole an amulet of the acrobat
  8804 | D:9      | Maurice stole 8 javelins
  8805 | D:9      | Killed Maurice
  8917 | D:10     | Entered Level 10 of the Dungeon
  8924 | D:10     | Reached skill level 5 in Fighting
  8926 | D:10     | Noticed a two-headed ogre
  9058 | D:10     | Killed a two-headed ogre
  9059 | D:10     | Reached XP level 11. HP: 75/88 MP: 9/11
  9120 | D:10     | Noticed Erolcha
  9136 | D:10     | Killed Erolcha
  9295 | D:10     | Found a staircase to the Lair.
  9301 | D:10     | Noticed a two-headed ogre
  9325 | D:10     | Killed a two-headed ogre
  9327 | D:10     | Reached skill level 1 in Invocations
  9328 | D:10     | Reached ****** piety under Uskayaw
  9564 | D:10     | Found a hazy altar of Hepliaklqana.
  9758 | D:10     | Found a sparkling altar of Nemelex Xobeh.
  9803 | D:10     | Found a staircase to the Orcish Mines.
  9947 | D:11     | Found Paasoah's Demolitions Depot.
  9981 | D:11     | Noticed a two-headed ogre
  9985 | D:11     | Killed a two-headed ogre
  9986 | D:11     | Reached skill level 5 in Invocations
 10349 | D:11     | Noticed Lodul
 10365 | D:11     | Killed Lodul
 10453 | D:11     | Noticed a boulder beetle
 10461 | D:11     | Killed a boulder beetle
 10893 | Lair:1   | Entered Level 1 of the Lair of Beasts
 11021 | Lair:1   | Noticed Erica
 11032 | Lair:1   | Killed Erica
 11033 | Lair:1   | Reached XP level 12. HP: 90/96 MP: 16/18
 11071 | Lair:1   | Noticed a boulder beetle
 11080 | Lair:1   | Killed a boulder beetle
 11097 | Lair:1   | Reached skill level 10 in Armour
 11136 | Lair:1   | Reached skill level 1 in Stealth
 11876 | Lair:2   | Noticed a catoblepas
 11886 | Lair:2   | Killed a catoblepas
 12082 | Lair:2   | Noticed a catoblepas
 12101 | Lair:2   | Killed a catoblepas
 12920 | Lair:3   | Reached skill level 5 in Stealth
 12943 | Lair:3   | Noticed a six-headed hydra
 12956 | Lair:3   | Killed a six-headed hydra
 13271 | Lair:3   | Found a staircase to the Shoals.
 13326 | Lair:3   | Found a staircase to the Snake Pit.
 13435 | Lair:3   | Reached XP level 13. HP: 90/107 MP: 15/19
 15105 | Lair:5   | Entered Level 5 of the Lair of Beasts
 15129 | Lair:5   | Reached skill level 15 in Maces & Flails
 15222 | Lair:5   | Found a staircase to the Slime Pits.
 15229 | Lair:5   | Reached skill level 1 in Evocations
 15304 | Lair:5   | Noticed Nessos
 15313 | Lair:5   | Killed Nessos
 15320 | Lair:5   | Reached skill level 5 in Evocations
 15377 | Lair:5   | Reached XP level 14. HP: 118/118 MP: 20/20
 15378 | Lair:5   | Found a frozen archway.
 15408 | IceCv    | Entered an ice cave
 15485 | IceCv    | Identified the +11 broad axe "Caerit" {elec, Fly rF+
                  | Stlth+}
 16431 | IceCv    | Identified the ring of Baamn {rCorr MP+9 Int+6 SInv Stlth-}
 16435 | IceCv    | Identified the +1 morningstar of Cheese {vamp, ^Drain
                  | +Blink rElec Str+6}
 17109 | Lair:5   | Found a burning altar of Makhleb.
 17185 | Lair:5   | Found a gateway to Hell.
 17989 | D:12     | Identified the amulet "Koywanud" {Regen+ rCorr Int+2}
 18009 | D:12     | Reached skill level 1 in Shields
 18298 | D:12     | Found an ancient bone altar of Kikubaaqudgha.
 18350 | D:12     | Noticed Urug
 18357 | D:12     | Killed Urug
 18383 | D:12     | Found a runed translucent gate.
 18383 | D:12     | Found a runed translucent gate.
 18438 | D:12     | Found a runed translucent gate.
 18754 | Orc:1    | Entered Level 1 of the Orcish Mines
 18923 | Orc:1    | Found a transporter.
 18931 | Orc:1    | Noticed Bigaod's ghost (journeyman DsGl)
 19213 | Orc:1    | Found a transporter.
 19293 | Orc:2    | Entered Level 2 of the Orcish Mines
 19334 | Orc:2    | Found a dark tunnel.
 19344 | Volcano  | Entered a volcano
 19417 | Volcano  | Reached skill level 10 in Fighting
 19506 | Volcano  | Found a burning altar of Makhleb.
 19531 | Volcano  | Found a bloodstained altar of Trog.
 19664 | Orc:2    | Noticed a stone giant
 19666 | Orc:2    | Found Omarafu's Jewellery Shop.
 19672 | Orc:2    | Killed a stone giant
 19699 | Orc:2    | Reached skill level 5 in Shields
 19714 | Orc:2    | Found Dickihy's General Store.
 19728 | Orc:2    | Bought a scroll of blinking for 120 gold pieces
 19728 | Orc:2    | Bought a scroll of fear for 64 gold pieces
 19728 | Orc:2    | Bought a scroll of fear for 64 gold pieces
 19728 | Orc:2    | Bought a scroll of revelation for 120 gold pieces
 19834 | Orc:2    | Found a staircase to the Elven Halls.
 19877 | Orc:2    | Reached XP level 15. HP: 110/126 MP: 18/21
 19916 | Orc:2    | Found Gioreil's Antique Weapon Boutique.
 20081 | Orc:2    | Found Bycwyk's Antique Armour Shoppe.
 20459 | Orc:2    | Bought the ring of the Stag {+Blink Int+4 Dex+6} for 642
                  | gold pieces
 20459 | Orc:2    | Bought the ring "Wecsua" {rElec Dex+6} for 550 gold pieces
 21362 | D:13     | Found a gate to the Vaults.
 21468 | D:14     | Found a broken altar of Ashenzari.
 21817 | D:14     | Found a runed translucent gate.
 21817 | D:14     | Found a runed translucent gate.
 21817 | D:14     | Found a runed translucent gate.
 22500 | D:14     | Noticed Cicylist's ghost (journeyman FoFi)
 22685 | Orc:1    | Killed Bigaod's ghost
 22973 | Shoals:1 | Entered Level 1 of the Shoals
 23794 | Shoals:2 | Noticed Polyphemus
 23819 | Shoals:2 | Killed Polyphemus
 24084 | Shoals:2 | Reached skill level 15 in Armour
 24329 | Shoals:2 | Reached XP level 16. HP: 135/137 MP: 22/22
 24450 | Shoals:3 | Reached skill level 10 in Shields
 24504 | Shoals:4 | Entered Level 4 of the Shoals
 24559 | Shoals:4 | Found a white marble altar of Elyvilon.
 24644 | Shoals:4 | Found a glowing golden altar of the Shining One.
 24646 | Shoals:4 | Noticed Mlioglotl
 24654 | Shoals:4 | Killed Mlioglotl
 24658 | Shoals:4 | Reached skill level 10 in Invocations
 24663 | Shoals:4 | Found the +9 sword of Zonguldrok {reap}
 24755 | Shoals:4 | Found a glowing silver altar of Zin.
 24780 | Shoals:4 | Got a barnacled rune of Zot
 24782 | Shoals:4 | Identified the +5 robe of Jomaujor {+Blink Stlth+}
 25145 | Shoals:3 | Reached skill level 10 in Evocations
 25650 | Shoals:2 | Found a runed translucent gate.
 25650 | Shoals:2 | Found a runed translucent gate.
 25650 | Shoals:2 | Found a runed translucent gate.
 27229 | Snake:1  | Entered Level 1 of the Snake Pit
 27332 | Snake:1  | Reached XP level 17. HP: 111/146 MP: 22/25
 27447 | Snake:2  | Identified the +1 ring mail of Pasubleo {rF+ Str+5}
 27524 | Snake:3  | Noticed Vashnia
 27533 | Snake:3  | Killed Vashnia
 27881 | Snake:4  | Entered Level 4 of the Snake Pit
 28107 | Snake:4  | Identified the +7 chain mail of Zaygymax {rPois}
 28384 | Snake:4  | Slain by a salamander

Illustrated notes

Levels and vault maps discovered:
D:1:      ncdulo_wetmaze, layout_basic, skrybe_limestone_x, st_stairs_3,
          minmay_split_cup_large
D:2:      layout_loops_ring, minmay_pentomino_o2
D:3:      layout_basic, hangedman_decor_growths, uniq_terence
D:4:      layout_basic, uniq_robin, uniq_crazy_yiuf_cottage
D:5:      layout_basic, mainiacjoe_overflow_tiny_flanked, kennysheep_little_box,
          kennysheep_diamond
D:6:      minmay_inner_zag, layout_basic, mainiacjoe_overflow_chevrons,
          overflow_temple_1_default, mainiacjoe_overflow_swirl,
          mainiacjoe_overflow_surrounded_room, uniq_edmund
D:7:      layout_rooms, slow_altar_2, minmay_temple_entry_overgrown,
          serial_shops, nicolae_shop_overgrown_old_shop, serial_curves,
          eino_curves_03, eino_curves_03
D:8:      layout_basic, nicolae_dithmenos_shadow_blocks, serial_shops,
          nicolae_shop_tiny_statue_garden
D:9:      layout_roguey, mainiacjoe_overflow_catwalk, enter_bailey_8,
          uniq_psyche, uniq_maurice
D:10:     layout_loops_ring, mainiacjoe_overflow_alcove_2,
          nemelex_spade_bored_becter, due_lair_maze_entry_diamond, orc_0_dummy,
          uniq_erolcha
D:11:     layout_stronghold, amethyst_killhole, nicolae_blasting_shop,
          kennysheep_nub, uniq_lodul
D:12:     layout_roguey, ploomutoo_gammafunk_ghost_potion_laboratory,
          nicolae_kikubaaqudgha_miasma_corner, uniq_urug
D:13:     layout_cave_pods, david_vaults_2
D:14:     layout_basic, ebering_ghost_rock_garden, minmay_misc_feat_rugged,
          ashenzari_conservatory_becter
Lair:1:   layout_layer_cave, infiniplex_staircase_pool, uniq_erica
Lair:2:   layout_cave_pods, lemuel_fruit_tree, grunt_megastairs_2
Lair:3:   layout_chaotic_city, minmay_shoals_entry_hut,
          alex1729_snake_entry_snake, st_stairs_8, minmay_holes,
          grunt_forest_stairs_clearing, serial_bayou_shore_a
Lair:4:   layout_gridlike, grunt_forest_large_clearing_hut
Lair:5:   evil_forest, layout_long_grid, minmay_slime_entry_jelly_boxes,
          portal_ice_cave_entry_pillars_2, uniq_nessos
Shoals:1: layout_shoals
Shoals:2: layout_shoals, nicolae_shoals_beach_cooler,
          nicolae_shoals_former_cling_halls, uniq_polyphemus
Shoals:3: layout_shoals, centaur_isle
Shoals:4: shoals_end_hellmonk_holy_island, uniq_mlioglotl
Snake:1:  layout_layer_cave, basic_altar, grunt_megastairs_4
Snake:2:  layout_misc_corridors, serial_shops, nicolae_shop_industrial_runoff,
          nicolae_shop_real_fake_doors, nicolae_shop_bloodbath_and_beyond,
          serial_library_regret_index_headful, minmay_shop_grove
Snake:3:  layout_honeycomb, uniq_vashnia
Snake:4:  grunt_snake_rune_serpentine_throne, layout_basic,
          serial_library_hellmonk_small_corner
Orc:1:    layout_caves, gammafunk_ghost_berserking_beasts
Orc:2:    grunt_orc_gardens, layout_diamond_mine, grunt_orc_garden,
          grunt_orc_garden, grunt_orc_garden, grunt_orc_garden, enter_volcano_1

Skill      XL: |  1  2  3  4  5  6  7  8  9 10 11 12 13 14 15 16 17 |
---------------+----------------------------------------------------+-----
Fighting       | 3 5 6 8 9 10 11 12 | 12.4
Maces & Flails | 3 4 6 7 8 11 13 14 15 16 | 16.0
Armour         | 7 9 11 12 14 15 16 | 16.5
Invocations    | 8 9 11 12 | 12.1
Stealth        | 5 7 |  7.0
Evocations     | 5 7 9 10 | 10.8
Shields        | 5 9 11 13 | 13.1
Dodging        | 3 |  3.0

Action                     |  1- 3 |  4- 6 |  7- 9 | 10-12 | 13-15 | 16-18 || total
---------------------------+-------+-------+-------+-------+-------+-------++-------
  Melee: Mace              |    53 |       |       |       |       |       ||    53
         Tailslap          |     6 |    13 |    23 |    49 |   108 |    70 ||   269
         Whip              |    46 |   100 |       |       |       |       ||   146
         Eveningstar       |       |    11 |   183 |   334 |   777 |   364 ||  1669
  Throw: Dart              |       |       |       |     1 |       |       ||     1
         Javelin           |       |       |       |       |       |     1 ||     1
 Invoke: Line Pass         |       |       |       |     1 |     2 |     2 ||     5
         Stomp             |       |       |       |     2 |    14 |    29 ||    45
  Evoke: Wand              |       |       |     1 |     7 |    11 |     2 ||    21
    Use: Scroll            |       |     3 |    13 |     8 |    19 |     4 ||    47
         Potion            |       |       |       |     3 |     2 |     5 ||    10
   Stab: Paralysed         |       |       |     4 |    28 |    80 |    45 ||   157
         Petrified         |       |       |       |     3 |     3 |       ||     6
         Petrifying        |       |       |       |     1 |     2 |       ||     3
         Confused          |       |       |       |       |     1 |       ||     1
         Distracted        |       |       |       |       |     1 |     2 ||     3
         Sleeping          |       |       |       |       |     1 |     2 ||     3
         Fleeing           |       |       |       |       |       |     1 ||     1
 Armour: Robe              |    55 |    58 |    77 |       |       |       ||   190
         Skin              |     3 |       |       |       |       |       ||     3
         Chain mail        |       |       |    84 |    32 |       |    58 ||   174
         Scale mail        |       |       |       |   355 |   897 |   506 ||  1758
         Steam dragon scal |       |       |       |    13 |       |       ||    13
  Dodge: Dodged            |    43 |    37 |   106 |   159 |   328 |   151 ||   824
  Block: Buckler           |       |       |       |       |   199 |   255 ||   454
